[Event "*** Titled Tuesday Blitz AM"]
[Site "Chess.com"]
[Date "2020.01.07"]
[Round "3"]
[White "Martins-BR"]
[Black "politeplayer"]
[Result "0-1"]
[WhiteElo "2357"]
[BlackElo "2126"]
[TimeControl "180+2"]
[EndTime "9:35:17 PST"]
[Termination "politeplayer won by resignation"]

1. e4 c5 2. Nf3 d6 3. d4 cxd4 4. Nxd4 Nf6 5. Nc3 g6 6. Be3 Bg7 7. f3 O-O 8. Qd2 Nc6 9. g4 Be6 10. Nxe6 fxe6 11. O-O-O Ne5 12. Be2 Qa5 13. h4 Rac8 14.
a3 a6 15. h5 b5 16. hxg6 b4 17. axb4 Qa1+ 18. Nb1 Nxe4 19. fxe4 Nc4 20. gxh7+ Kh8 21. c3 Nxd2 22. Bxd2 a5 23. bxa5 Rb8 24. b4 Rfc8 25. Kc2 Rxb4 26. Kd3 Rxb1 27. Rxb1 Rxc3+ 0-1

[Event "*** Titled Tuesday Blitz AM"]
[Site "Chess.com"]
[Date "2020.01.07"]
[Round "3"]
[White "Gordima"]
[Black "Kirill_Kopenkin"]
[Result "1-0"]
[WhiteElo "2832"]
[BlackElo "2494"]
[TimeControl "180+2"]
[EndTime "9:35:18 PST"]
[Termination "Gordima won by resignation"]

1. d4 Nf6 2. c4 g6 3. f3 Bg7 4. e4 d6 5. Nc3 O-O 6. Nge2 c5 7. d5 e6 8. Bg5 exd5 9. cxd5 a6 10. a4 h6 11. Be3 Re8 12. Qd2 h5 13. Bg5 Nbd7 14.
Ng3 Qa5 15. Be2 b5 16. O-O b4 17. Nd1 Nh7 18. Bh6 Bf6 19. Ne3 Ne5 20. f4 Ng4 21.
Bxg4 hxg4 22. Nc4 Qc7 23. e5 dxe5 24. fxe5 Bxe5 25. Nxe5 Rxe5 26. Bf4 Qe7 27. d6 Qe6 28. Bxe5 Qxe5 29. d7 1-0

[Event "*** Titled Tuesday Blitz AM"]
[Site "Chess.com"]
[Date "2020.01.07"]
[Round "3"]
[White "j_coca"]
[Black "Triumphmate"]
[Result "0-1"]
[WhiteElo "2160"]
[BlackElo "2556"]
[TimeControl "180+2"]
[EndTime "9:35:18 PST"]
[Termination "Triumphmate won by resignation"]

1. f4 d5 2. Nf3 e6 3. e3 f5 4. d4 Nf6 5. c3 Bd6 6. Bd3 O-O 7. O-O c6 8. Bd2 Ne4 9. Be1 Qb6 10. Qc2 c5 11.
Ne5 Nc6 12. Kh1 Bxe5 13. fxe5 Bd7 14. Nd2 Rac8 15. Qb1 Na5 16. Nf3 h6 17. Qc2 Bb5 18. Rb1 Qa6 19. Bxb5 Qxb5 20. Rg1 Nc4 21. Qe2 a6 22. b3 Na3 23. Qxb5 axb5 24. Rb2 b4 25. cxb4 c4 26. bxc4 dxc4 27. Bg3 c3 28. Rb3 Nc2 29. Rc1 Nxe3 30. Be1 Nd5 31. Kg1 Rc4 32. a3 Rfc8 33. Kf1 g5 34. Ng1 Nd2+ 0-1

[Event "*** Titled Tuesday Blitz AM"]
[Site "Chess.com"]
[Date "2020.01.07"]
[Round "3"]
[White "FranciscodelaF"]
[Black "KaydenTroffChess"]
[Result "0-1"]
[WhiteElo "2348"]
[BlackElo "2708"]
[TimeControl "180+2"]
[EndTime "9:35:24 PST"]
[Termination "KaydenTroffChess won by resignation"]

1. d4 Nf6 2. c4 g6 3. Nf3 Bg7 4.
g3 O-O 5. Bg2 c5 6. d5 b5 7. O-O bxc4 8. Nc3 d6 9. Nd2 Ba6 10. Qc2 Nfd7 11. e4 Nb6 12. f4 N8d7 13. Re1 Rb8 14. Nf3 Qc7 15. Qe2 Qb7 16. Rd1 Rfe8 17.
e5 Rbd8 18. e6 Nf8 19. exf7+ Kxf7 20. Ng5+ Kg8 21. Bh3 e5 22. dxe6 d5 23. Nf7 d4 24.
Nxd8 Rxd8 25. e7 Re8 26. exf8=Q+ Kxf8 27. Qg2 dxc3 28. bxc3 Bxc3 29. Rb1 Bd4+ 30. Kh1 Qe7 31. Be3 Bb7 32. Bxd4 cxd4 0-1

[Event "*** Titled Tuesday Blitz AM"]
[Site "Chess.com"]
[Date "2020.01.07"]
[Round "3"]
[White "Hydrargyrum_Girl"]
[Black "przemekpiotrowski"]
[Result "0-1"]
[WhiteElo "2205"]
[BlackElo "2407"]
[TimeControl "180+2"]
[EndTime "9:35:30 PST"]
[Termination "przemekpiotrowski won by resignation"]

1. e4 c5 2. Nf3 d6 3. d4 cxd4 4. Qxd4 Nc6 5. Bb5 Bd7 6. Bxc6 Bxc6 7. Nc3 Nf6 8. Bg5 e6 9. O-O-O Be7 10. Rhe1 O-O 11. Kb1 Qa5 12. Qd2 Rfd8 13. Nd4 Rac8 14. f3 h6 15. Bh4 Nxe4 16. Nxe4 Qxd2 17. Rxd2 Bxh4 18. Nxc6 Bxe1 19. Nxd8 Bxd2 20. Nxb7 Bb4 21. c3 d5 22. cxb4 dxe4 23. fxe4 Rc4 24. a3 Rxe4 25. Ka2 Re2 26. a4 Rxg2 27. b5 Rxh2 28. a5 Rh5 29. b6 Rxa5+ 30. Nxa5 axb6 31. Nc4 h5 32. Kb3 h4 33. Nd2 g5 34. Nf3 h3 35. Nh2 f5 36.
Kb4 g4 37. Kb5 g3 38. Nf3 h2 0-1

[Event "*** Titled Tuesday Blitz AM"]
[Site "Chess.com"]
[Date "2020.01.07"]
[Round "3"]
[White "nonscitis"]
[Black "petrpalachev"]
[Result "0-1"]
[WhiteElo "2571"]
[BlackElo "2826"]
[TimeControl "180+2"]
[EndTime "9:35:36 PST"]
[Termination "petrpalachev won by resignation"]

1. d4 d5 2. Nf3 Nf6 3. Bf4 c5 4. e3 Nc6 5. Nc3 cxd4 6. exd4 a6 7. Be2 Bg4 8. O-O Bxf3 9. Bxf3 e6 10. Ne2 Bd6 11. c3 O-O 12. Qd2 b5 13. g4 Bxf4 14. Qxf4 Qb8 15. Rfd1 Rc8 16. Rac1 a5 17. g5 Qxf4 18.
Nxf4 Nd7 19. Nd3 Rab8 20. a3 Kf8 21. b4 Nb6 22. Nc5 Ke7 23. Be2 Nc4 24. Bxc4 bxc4 25. Rb1 axb4 26. axb4 Na7 27. Ra1 Nb5 28. Na4 Rc6 29.
Rdc1 Ra6 30. Nc5 Rxa1 31. Rxa1 Nxc3 32. Ra7+ Ke8 33. Nb7 Nb5 0-1

[Event "*** Titled Tuesday Blitz AM"]
[Site "Chess.com"]
[Date "2020.01.07"]
[Round "3"]
[White "Oleksandr_Bortnyk"]
[Black "dawtonlms"]
[Result "1-0"]
[WhiteElo "3004"]
[BlackElo "2327"]
[TimeControl "180+2"]
[EndTime "9:35:37 PST"]
[Termination "Oleksandr_Bortnyk won by resignation"]

1. e4 e6 2. d4 d5 3. Nc3 Nf6 4.
Bg5 Bb4 5. e5 h6 6. Bc1 Ne4 7.
Qg4 g6 8. Ne2 c5 9. a3 Ba5 10. dxc5 Nxc3 11. Nxc3 Bxc3+ 12. bxc3 Qa5 13. Qb4 Nc6 14. Bb5 Qc7 15. Qf4 Qe7 16. Be3 Bd7 17. O-O a6 18. Be2 g5 19. Qg3 O-O-O 20. Rab1 Rdg8 21.
Rb6 h5 22. Rfb1 h4 23. Qg4 Nxe5 24. Qb4 Bc6 25. Bd4 f6 26. Bxe5 fxe5 27. Rxc6+ 1-0

[Event "*** Titled Tuesday Blitz AM"]
[Site "Chess.com"]
[Date "2020.01.07"]
[Round "3"]
[White "Arystanner"]
[Black "hansen"]
[Result "1/2-1/2"]
[WhiteElo "2722"]
[BlackElo "2911"]
[TimeControl "180+2"]
[EndTime "9:35:41 PST"]
[Termination "Game drawn by repetition"]

1. c4 Nf6 2. Nc3 g6 3. e4 e5 4.
Nf3 Nc6 5. d4 exd4 6. Nxd4 d6 7.
f3 Bg7 8. Be3 O-O 9. Be2 Re8 10.
O-O Nh5 11. Qd2 Nf4 12. Nxc6 Nxe2+ 13. Nxe2 bxc6 14. Bd4 f6 15. Rfd1 Be6 16. Rac1 c5 17. Bf2 f5 18. exf5 Bxf5 19. Nf4 Qf6 20. b3 a5 21. Nd5 Qf7 22. Re1 Be6 23. Nc3 Bd7 24. Rxe8+ Rxe8 25. Nd5 Bc6 26. Qxa5 Bxd5 27. cxd5 Qxd5 28.
Qxc7 Re2 29. Qd8+ Kf7 30. Qd7+ Kg8 31. Qd8+ Kf7 32. Qd7+ Kg8 33. Qd8+ 1/2-1/2

[Event "*** Titled Tuesday Blitz AM"]
[Site "Chess.com"]
[Date "2020.01.07"]
[Round "3"]
[White "CarlosAlbornoz"]
[Black "gui_borba"]
[Result "1-0"]
[WhiteElo "2766"]
[BlackElo "2289"]
[TimeControl "180+2"]
[EndTime "9:35:47 PST"]
[Termination "CarlosAlbornoz won by resignation"]

1. e4 e5 2. Nf3 Nc6 3. Bb5 a6 4. Ba4 Nf6 5. O-O b5 6. Bb3 Be7 7. d4 d6 8. c3 O-O 9. h3 Na5 10. Bc2 Nd7 11. Nbd2 c5 12. Re1 Bf6 13. d5 c4 14. b4 Nb7 15. a4 bxa4 16. Bxa4 Nb6 17. Bc6 Qc7 18. Qe2 Bd7 19. Bxd7 Qxd7 20. Nxc4 Nxc4 21. Qxc4 Qb5 22. Qxb5 axb5 23. Bd2 Rfc8 24.
Rec1 Bd8 25. Ne1 Bb6 26. Nc2 g6 27. Na3 f5 28. exf5 gxf5 29. Nxb5 Kf7 30. Be3 Rxa1 31.
Rxa1 Bxe3 32. fxe3 Kf6 33. Ra7 Rb8 34. Ra6 e4 35.
Rb6 Ke5 36. Nxd6 1-0

[Event "*** Titled Tuesday Blitz AM"]
[Site "Chess.com"]
[Date "2020.01.07"]
[Round "3"]
[White "Msb2"]
[Black "GianmarcoVaR"]
[Result "1-0"]
[WhiteElo "2866"]
[BlackElo "2578"]
[TimeControl "180+2"]
[EndTime "9:35:48 PST"]
[Termination "Msb2 won on time"]

1. d4 Nf6 2. c4 e6 3. Nc3 Bb4 4. e3 O-O 5. Bd2 b6 6. Nf3 Bb7 7. Bd3 d5 8. cxd5 exd5 9. Rc1 a6 10.
O-O Nbd7 11. Ne5 Bd6 12. f4 Ne4 13. Nxe4 dxe4 14. Bc4 Qe7 15. Kh1 c5 16. Nxd7 Qxd7 17. Bc3 Rad8 18. f5 b5 19. dxc5 Bxc5 20. Qg4 g6 21.
fxg6 Qxg4 22. gxf7+ Rxf7 23. Bxf7+ Kf8 24. Be6+ Qf3 25.
gxf3 exf3 26. Bh3 Bxe3 27. Rce1 f2+ 28. Bg2 1-0

[Event "*** Titled Tuesday Blitz AM"]
[Site "Chess.com"]
[Date "2020.01.07"]
[Round "3"]
[White "ohusbands"]
[Black "AntonSmirnov"]
[Result "0-1"]
[WhiteElo "2514"]
[BlackElo "2892"]
[TimeControl "180+2"]
[EndTime "9:35:51 PST"]
[Termination "AntonSmirnov won by resignation"]

1. e4 c5 2. Nf3 d6 3. d4 cxd4 4. Nxd4 Nf6 5. Nc3 a6 6. Bg5 Nbd7 7. Bc4 Qb6 8. Qd2 Qxb2 9. Rb1 Qa3 10. O-O g6 11.
Bd5 Bg7 12. Bxb7 Bxb7 13. Rxb7 Rc8 14. Bxf6 Nxf6 15. Rb3 Qc5 16. Nde2 O-O 17. Rb7 Rfe8 18. h3 Qc6 19. Rfb1 Nxe4 20. Nxe4 Qxe4 21. c3 Bf6 22. Nd4 Bxd4 23. Qxd4 Qxd4 24. cxd4 Rc4 25. R1b4 Rxb4 26. Rxb4 Rc8 27. Rb6 Rc1+ 28. Kh2 Rc4 29. Rxa6 Rxd4 30. Ra8+ Kg7 31. a4 Kf6 32. a5 Ra4 33. a6 h5 34.
g3 Ke5 35. a7 Ke4 36. Kg2 d5 37.
g4 h4 38. Rf8 Rxa7 39. Rxf7 d4 40. Rf8 d3 41. Rd8 Ra2 42. Rd7 e5 43. Rd6 g5 0-1

[Event "*** Titled Tuesday Blitz AM"]
[Site "Chess.com"]
[Date "2020.01.07"]
[Round "3"]
[White "JSMastropiero"]
[Black "peteseeger"]
[Result "1-0"]
[WhiteElo "2397"]
[BlackElo "2164"]
[TimeControl "180+2"]
[EndTime "9:35:52 PST"]
[Termination "JSMastropiero won by resignation"]

1. e4 g6 2. d4 Bg7 3. Nf3 d6 4. Be2 Nf6 5. Nc3 c6 6. a4 Qc7 7. O-O Nbd7 8. Re1 O-O 9. h3 b6 10.
Be3 Bb7 11. Qd2 a6 12. Bh6 b5 13. Bxg7 Kxg7 14. Bd3 b4 15. e5 dxe5 16. dxe5 bxc3 17. exf6+ Nxf6 18. Qxc3 c5 19. Ne5 Kg8 20. Bc4 e6 21. Qg3 Rad8 22. Rad1 Ne4 23. Qf4 g5 24. Qh2 Nd6 25. Qg3 h6 26. Ng4 Nxc4 27. Qxc7 1-0

[Event "*** Titled Tuesday Blitz AM"]
[Site "Chess.com"]
[Date "2020.01.07"]
[Round "3"]
[White "Mr_Sinigami"]
[Black "MikeSailer"]
[Result "1-0"]
[WhiteElo "2544"]
[BlackElo "2113"]
[TimeControl "180+2"]
[EndTime "9:35:53 PST"]
[Termination "Mr_Sinigami won by resignation"]

1. d4 d5 2. Nf3 Bf5 3. Bf4 e6 4. e3 Nc6 5. a3 Nf6 6. c4 Bd6 7. Bg3 Ne4 8. Nc3 Nxc3 9. bxc3 Bg4 10. Be2 dxc4 11. Bxc4 O-O 12. Be2 Qe7 13. O-O Bxg3 14. hxg3 e5 15. Re1 e4 16. Nd2 Bxe2 17. Qxe2 f5 18.
Reb1 Na5 19. Nc4 Nxc4 20. Qxc4+ Kh8 21. Rxb7 Rab8 22. Rab1 Rbc8 23. Rxa7 Rf6 24. Rxc7 Rxc7 25. Rb8+ Rf8 26. Qxc7 Qxa3 27. Qc8 1-0

[Event "*** Titled Tuesday Blitz AM"]
[Site "Chess.com"]
[Date "2020.01.07"]
[Round "3"]
[White "1stSecond"]
[Black "Angry_Serb"]
[Result "1-0"]
[WhiteElo "2823"]
[BlackElo "2624"]
[TimeControl "180+2"]
[EndTime "9:35:59 PST"]
[Termination "1stSecond won by resignation"]

1. Nf3 d5 2. g3 e6 3. Bg2 c5 4. c4 Nc6 5. cxd5 exd5 6. d4 Nf6 7. O-O Be7 8. dxc5 O-O 9. a3 Bxc5 10. b4 Be7 11. Bb2 Ne4 12. Nbd2 Bg4 13. Nb3 Rc8 14. Rc1 a6 15. Qd3 Re8 16. Rfd1 Qb6 17. Nbd4 Bxf3 18. exf3 Nd6 19. Nxc6 bxc6 20. Bh3 Ra8 21. Bd7 Nc4 22. Bd4 Qb7 23. Bxe8 Rxe8 24. Re1 Ra8 25. Qc3 Bf8 26. Re2 a5 27. bxa5 Nxa5 28.
Rce1 Qd7 29. Bc5 Bxc5 30. Qxc5 h6 31. Re7 Qd8 32. Re8+ 1-0

[Event "*** Titled Tuesday Blitz AM"]
[Site "Chess.com"]
[Date "2020.01.07"]
[Round "3"]
[White "CrgKrishna"]
[Black "MixMasterChess"]
[Result "1-0"]
[WhiteElo "2476"]
[BlackElo "2128"]
[TimeControl "180+2"]
[EndTime "9:36:03 PST"]
[Termination "CrgKrishna won by resignation"]

1. d4 d5 2. c4 c6 3. Nf3 Nf6 4. e3 Bg4 5. h3 Bxf3 6. Qxf3 e6 7.
Nc3 Bb4 8. Bd2 Nbd7 9. Bd3 O-O 10. O-O dxc4 11. Bxc4 e5 12. a3 Bxc3 13. Bxc3 e4 14. Qf5 Nb6 15. Ba5 Qc8 16. Qxc8 Raxc8 17. Bb3 Nbd5 18.
Rac1 Rfe8 19. Rc2 g6 20. Rfc1 Kg7 21. Ba4 h5 22. Bd2 a6 23. b4 g5 24. Bb3 Kg6 25.
a4 Rcd8 26. b5 axb5 27. axb5 cxb5 28. Rc5 b4 29. Rb5 Re7 30. Rcc5 Red7 31. Bxb4 Nxb4 32.
Rxb4 Ne8 33. Ba4 Re7 34. Bxe8 Rdxe8 35. Rb6+ f6 36. Rcb5 Rb8 37. h4 g4 38. Kh2 Rc7 39. Rg5+ Kf7 40. Rxh5 Rc2 41. Kg3 Kg7 42. Rf5 Rc6 43.
Rxc6 bxc6 44. Kxg4 1-0

[Event "*** Titled Tuesday Blitz AM"]
[Site "Chess.com"]
[Date "2020.01.07"]
[Round "3"]
[White "Eliwood44"]
[Black "Alopekos"]
[Result "1-0"]
[WhiteElo "2341"]
[BlackElo "2501"]
[TimeControl "180+2"]
[EndTime "9:36:04 PST"]
[Termination "Eliwood44 won on time"]

1. d4 Nf6 2. Nf3 e6 3. e3 c5 4. Bd3 b6 5. O-O Bb7 6. c4 d5 7. cxd5 exd5 8. Nc3 Bd6 9. Ne5 Nc6 10. f4 cxd4 11. exd4 Nxd4 12. Be3 Nc6 13. Bb5 Rc8 14.
Nxd5 O-O 15. Nxf6+ gxf6 16. Ng4 Ne7 17. Nxf6+ Kh8 18. Qh5 Be4 19. Nxe4 Ng6 20. Bd4+ f6 21. Rad1 Qe7 22. Nxd6 Rfd8 23. Nf5 Qe6 24. Bc3 Rxd1 25. Rxd1 Re8 26. Re1 Qxe1+ 27. Bxe1 Rxe1+ 28. Kf2 Nxf4 29. Qf7 1-0

[Event "*** Titled Tuesday Blitz AM"]
[Site "Chess.com"]
[Date "2020.01.07"]
[Round "3"]
[White "ori99"]
[Black "Me_ch_an"]
[Result "1-0"]
[WhiteElo "2044"]
[BlackElo "2335"]
[TimeControl "180+2"]
[EndTime "9:36:06 PST"]
[Termination "ori99 won by resignation"]

1. e4 c5 2. Nf3 Nc6 3. d4 cxd4 4. Nxd4 Qb6 5. Nb3 Nf6 6. Bd3 e6 7. O-O a6 8. Be3 Qc7 9. Nc3 b5 10. f4 d6 11. a4 b4 12. Nb1 Be7 13. a5 Bb7 14.
Qf3 Rc8 15. Qg3 O-O 16. N1d2 Rfe8 17. Bb6 Qb8 18. Rad1 Bf8 19. Rde1 Nd7 20. h4 Nxb6 21. axb6 a5 22. Ra1 Qa8 23. Nc4 a4 24. e5 d5 25.
Nd6 Bxd6 26. exd6 Rcd8 27. f5 e5 28. f6 g6 29. Qg5 Kh8 30. h5 e4 31. hxg6 fxg6 32.
f7 Re6 33. Bb5 Ne5 34. Nc5 Rexd6 1-0

[Event "*** Titled Tuesday Blitz AM"]
[Site "Chess.com"]
[Date "2020.01.07"]
[Round "3"]
[White "chigorin28"]
[Black "Sven_Tica"]
[Result "0-1"]
[WhiteElo "2404"]
[BlackElo "2655"]
[TimeControl "180+2"]
[EndTime "9:36:07 PST"]
[Termination "Sven_Tica won by resignation"]

1. e4 c5 2. Nf3 Nf6 3. c3 Nxe4 4.
d4 cxd4 5. cxd4 d5 6. Nc3 Nxc3 7. bxc3 Nc6 8. Bd3 Bg4 9. h3 Bh5 10. Qb3 Bxf3 11. Qxb7 Qc8 12. Qxc8+ Rxc8 13. gxf3 e6 14. Rg1 g6 15. h4 h5 16. Rb1 Kd7 17. Ba6 Rc7 18. Ke2 Bd6 19. Kd3 Rb8 20. Bd2 Rxb1 21. Rxb1 Na5 22. Bg5 Be7 23. Bb5+ Kd8 24. Bf4 Rb7 25.
Kc2 Bxh4 26. Ba6 Rxb1 27. Kxb1 Bxf2 28. Kc2 Nc4 29. Kd3 h4 30. Ke2 Bg3 31. Bxg3 hxg3 32. f4 Nd6 33. Kf3 Ne4 34. c4 dxc4 35. Bb7 Nd6 36. Ba6 c3 37. Bd3 Nf5 38. Be4 c2 39. Bxc2 Nxd4+ 0-1

[Event "*** Titled Tuesday Blitz AM"]
[Site "Chess.com"]
[Date "2020.01.07"]
[Round "3"]
[White "WildTricks"]
[Black "severomorskij"]
[Result "0-1"]
[WhiteElo "2504"]
[BlackElo "2878"]
[TimeControl "180+2"]
[EndTime "9:36:08 PST"]
[Termination "severomorskij won by checkmate"]

1. Nf3 c5 2. c4 Nc6 3. Nc3 e5 4. e3 Nf6 5. d4 e4 6. d5 exf3 7. dxc6 bxc6 8. e4 Qc7 9. Qxf3 Bd6 10. Bd3 O-O 11. O-O Bxh2+ 12. Kh1 Be5 13. Nd1 d5 14.
exd5 Bg4 15. Qe3 cxd5 16. cxd5 Rfe8 17. Qg5 h6 18. Qh4 c4 19. Bc2 Be2 20. Re1 Bd3 21. Ne3 Bxc2 22. Nxc2 Nxd5 23. Bd2 Bxb2 24. Rad1 Bf6 25.
Qh5 Nf4 26. Qg4 Nd3 27. Rf1 Qc8 28. Qg3 Qf5 29. Ne3 Qh5+ 30. Kg1 Be5 31. Qg4 Qh2# 0-1

[Event "*** Titled Tuesday Blitz AM"]
[Site "Chess.com"]
[Date "2020.01.07"]
[Round "3"]
[White "EugeneRougon"]
[Black "viditchess"]
[Result "0-1"]
[WhiteElo "2723"]
[BlackElo "2992"]
[TimeControl "180+2"]
[EndTime "9:36:14 PST"]
[Termination "viditchess won by resignation"]

1. e4 c6 2. d4 d5 3. Nc3 dxe4 4. Nxe4 Nf6 5. Nxf6+ exf6 6. c3 Bd6 7. Bd3 O-O 8. Qc2 Re8+ 9. Ne2 h5 10. Be3 h4 11.
O-O-O Nd7 12. g4 Nb6 13. g5 fxg5 14. Rhg1 g4 15. Bh7+ Kh8 16. Bf5 Nd5 17. Bxg4 Rxe3 18.
Bxc8 Rxe2 19. Qxe2 Bf4+ 20. Kb1 Rxc8 21. Qh5+ Kg8 22. c4 Nb6 23. Rg4 Qf6 24. Rxh4 Bh6 25.
Rg1 Re8 26. b3 Qxf2 27. Qd1 Qxh4 0-1

[Event "*** Titled Tuesday Blitz AM"]
[Site "Chess.com"]
[Date "2020.01.07"]
[Round "3"]
[White "mishanick"]
[Black "Boundless_Strike"]
[Result "1-0"]
[WhiteElo "2968"]
[BlackElo "2721"]
[TimeControl "180+2"]
[EndTime "9:36:21 PST"]
[Termination "mishanick won on time"]

1. d4 f5 2. c4 Nf6 3. Nf3 g6 4.
g3 Bg7 5. Bg2 O-O 6. O-O d6 7. Nc3 c6 8. Rb1 Na6 9. b4 Nc7 10. b5 Qe8 11. bxc6 bxc6 12. Qa4 Ne4 13. Bb2 Bd7 14. Qa5 Ne6 15. e3 Qd8 16. Qxd8 Raxd8 17. Nxe4 fxe4 18. Nd2 d5 19. Ba3 Rf7 20. Rb7 Bh6 21.
Rxa7 Nxd4 22. Bc5 Ne2+ 23. Kh1 Be6 24. cxd5 cxd5 25. Nb3 Rdf8 26. Rxe7 Rxe7 27. Bxe7 Rc8 28. Bc5 Bf8 29. Bxf8 Kxf8 30. Re1 Rc2 31. a4 Bd7 32. a5 Bb5 33. Bf1 Rb2 34. Bxe2 Bxe2 35. Nd4 Ba6 36. Kg2 Ra2 37. Rb1 Rxa5 38. Rb8+ Kg7 39. g4 Ra1 40. g5 Bf1+ 41. Kg3 1-0

[Event "*** Titled Tuesday Blitz AM"]
[Site "Chess.com"]
[Date "2020.01.07"]
[Round "3"]
[White "lestri"]
[Black "goldenspine"]
[Result "1-0"]
[WhiteElo "2610"]
[BlackElo "2330"]
[TimeControl "180+2"]
[EndTime "9:36:21 PST"]
[Termination "lestri won by resignation"]

1. c4 Nf6 2. Nc3 g6 3. e4 Bg7 4. d4 d6 5. f3 O-O 6. Bg5 c5 7. d5 e6 8. Qd2 exd5 9. cxd5 a6 10. a4 Qa5 11. Ra3 Nbd7 12. Nh3 Re8 13. Nf2 Ne5 14. Be2 Qb4 15. Qc2 c4 16. O-O Bd7 17. Be3 Rac8 18. a5 Nd3 19. Nxd3 cxd3 20. Bxd3 Bb5 21.
Bxb5 axb5 22. Qd2 Qc4 23. Na2 Qc2 24. Nb4 Qc4 25. Rc3 Qxb4 26. Rxc8 Qxd2 27. Rxe8+ Nxe8 28. Bxd2 Bxb2 29. Rb1 Bd4+ 30. Kf1 Nc7 31. Bh6 f5 32. Rc1 Bc5 33. Ke2 fxe4 34. fxe4 Kf7 35. Be3 Na6 36. e5 Ke7 37. Bg5+ Kd7 38. e6+ Ke8 39. Kd3 Nc7 40. Ke4 b4 41. Rf1 Nb5 42. e7 Nc3+ 43. Kd3 Nxd5 44. Rf8+ 1-0

[Event "*** Titled Tuesday Blitz AM"]
[Site "Chess.com"]
[Date "2020.01.07"]
[Round "3"]
[White "GremioPrudente"]
[Black "Zq1"]
[Result "0-1"]
[WhiteElo "2263"]
[BlackElo "2578"]
[TimeControl "180+2"]
[EndTime "9:36:21 PST"]
[Termination "Zq1 won on time"]

1. Nf3 Nf6 2. c4 e6 3. d4 d5 4. Nc3 Be7 5. Bg5 O-O 6. e3 b6 7. cxd5 Nxd5 8. Bxe7 Qxe7 9. Nxd5 exd5 10. Qa4 c5 11.
dxc5 bxc5 12. Be2 Be6 13. O-O Nd7 14. Rfd1 Nb6 15. Qa3 a5 16. Rac1 Rfc8 17. Nd4 Kf8 18. Nxe6+ fxe6 19. Qd3 Kg8 20. Rc2 c4 21. Qd4 Rab8 22.
Bg4 e5 23. Qd2 Rc5 24. Bf3 Rd8 25. b4 axb4 26. Qxb4 Qd6 27. Rb1 Rc6 28. Qxd6 Rcxd6 29. Rcb2 Na4 30. Rb8 Nc3 31. Rxd8+ Rxd8 32. Ra1 d4 33.
exd4 exd4 34. Kf1 d3 35. Bd1 Nxd1 36. Rxd1 c3 37. Ke1 c2 0-1

[Event "*** Titled Tuesday Blitz AM"]
[Site "Chess.com"]
[Date "2020.01.07"]
[Round "3"]
[White "ferdipy"]
[Black "wild_cat99"]
[Result "0-1"]
[WhiteElo "2242"]
[BlackElo "2418"]
[TimeControl "180+2"]
[EndTime "9:36:29 PST"]
[Termination "wild_cat99 won by checkmate"]

1. e4 c5 2. Nf3 d6 3. d4 cxd4 4. Nxd4 Nf6 5. Nc3 a6 6. Be3 e6 7. Nf3 Be7 8. Bd3 b5 9. O-O Bb7 10. Nd2 Nbd7 11. f4 Nc5 12. a3 O-O 13. Qe2 Rc8 14.
Rae1 d5 15. e5 Nfe4 16. Bd4 Nxc3 17. Bxc3 d4 18. Bb4 Nxd3 19. Bxe7 Qxe7 20. Qxd3 Qc5 21. Rc1 Qc6 22. Nf3 Rfd8 23. Rfd1 Rc7 24. c3 Rdd7 25. cxd4 Qxc1 26. Rxc1 Rxc1+ 27. Kf2 Rdc7 28. f5 R7c2+ 29.
Kg3 Rxb2 30. f6 h5 31. Qe3 Rcc2 32. Ne1 Re2 33. Qc3 g5 34. h4 Rxg2+ 35. Nxg2 Rxg2+ 36. Kh3 g4# 0-1

[Event "*** Titled Tuesday Blitz AM"]
[Site "Chess.com"]
[Date "2020.01.07"]
[Round "3"]
[White "Vugar_Manafov"]
[Black "gemarin"]
[Result "1-0"]
[WhiteElo "2529"]
[BlackElo "2045"]
[TimeControl "180+2"]
[EndTime "9:36:30 PST"]
[Termination "Vugar_Manafov won on time"]

1. Nf3 d5 2. g3 c6 3. Bg2 Nf6 4. O-O Bf5 5. d3 e6 6. Nh4 h6 7. Nxf5 exf5 8. Nd2 Nbd7 9. c4 Nb6 10. b3 Be7 11.
Bb2 O-O 12. Nf3 Qd7 13. Rc1 Rfe8 14. Rc2 Rad8 15. Qa1 dxc4 16. bxc4 Qc8 17. Rb1 Nbd7 18. Bd4 b6 19. a4 Bc5 20. a5 Bxd4 21. Nxd4 Ne5 22. axb6 axb6 23. Rxb6 c5 24. Nb5 Re6 25. Rxe6 Qxe6 26. Ra2 Neg4 27. h3 Ne5 28. Ra6 Qe7 29.
Ra8 Rxa8 30. Qxa8+ Kh7 31. Qa7 Ned7 32. Bf3 Qe5 33. Qc7 Qa1+ 34. Kg2 Qb2 35. Qd6 Kg6 36.
h4 h5 37. Nc7 Ne5 38. Nd5 Nxf3 39. exf3 1-0

[Event "*** Titled Tuesday Blitz AM"]
[Site "Chess.com"]
[Date "2020.01.07"]
[Round "3"]
[White "Fh2411"]
[Black "Komissarov_alex"]
[Result "1-0"]
[WhiteElo "2524"]
[BlackElo "1743"]
[TimeControl "180+2"]
[EndTime "9:36:30 PST"]
[Termination "Fh2411 won on time"]

1. d4 g6 2. Nf3 Nf6 3. g3 Bg7 4. Bg2 O-O 5. O-O a6 6. c4 Nc6 7. Nc3 Rb8 8. d5 Na5 9. c5 d6 10. Qa4 c6 11. cxd6 exd6 12. dxc6 bxc6 13. Rd1 c5 14. Bf4 Bd7 15. Qc2 Nc4 16. Rab1 Be6 17. Nd2 Nxd2 18. Rxd2 Rb6 19. Rbd1 Ne8 20. b3 Qf6 21.
Na4 Rb8 22. Nxc5 Rc8 23. Ne4 Qe7 24. Qd3 d5 25. Ng5 Bf5 26. Qxd5 Nf6 27. Qb7 1-0

[Event "*** Titled Tuesday Blitz AM"]
[Site "Chess.com"]
[Date "2020.01.07"]
[Round "3"]
[White "MFBerna"]
[Black "StephenDedalus83"]
[Result "0-1"]
[WhiteElo "2451"]
[BlackElo "2705"]
[TimeControl "180+2"]
[EndTime "9:36:32 PST"]
[Termination "StephenDedalus83 won by resignation"]

1. d4 g6 2. e4 Bg7 3. Nf3 d6 4. Nc3 a6 5. a4 Nf6 6. h3 O-O 7. Be2 b6 8. O-O Bb7 9. e5 Nd5 10. e6 fxe6 11. Ng5 Nxc3 12. bxc3 Rf6 13. Bg4 Bd5 14.
Qe2 Nc6 15. Bxe6+ Bxe6 16. Nxe6 Qd7 17. Re1 Rf7 18. Ng5 Rff8 19. Ne6 Rf5 20. g4 Rf7 21.
Ng5 Rff8 22. Ne6 Rfe8 23. Qf3 Rac8 24. h4 Nd8 25. Ng5 e6 26. Qh3 h6 27. Ne4 d5 28.
Ng3 Nf7 29. h5 g5 30. Qg2 c5 31. Be3 cxd4 32. Bxd4 Bxd4 33. cxd4 Rxc2 34. Qf3 Rc4 35. Qf6 Qd6 36. Qg6+ Kf8 37. Nf5 exf5 38. Rxe8+ Kxe8 39. Re1+ Kf8 40. Re6 Qf4 41. Qxf5 Qxf5 42. gxf5 Rxa4 43. Rxb6 Rxd4 44. f6 Re4 45. Rb8+ Re8 46. Rb6 Ra8 47. Kg2 a5 48. Rb3 a4 49. Ra3 Nd6 50. Kf3 Kf7 0-1

[Event "*** Titled Tuesday Blitz AM"]
[Site "Chess.com"]
[Date "2020.01.07"]
[Round "3"]
[White "wannabe2700"]
[Black "heyiampotato"]
[Result "0-1"]
[WhiteElo "2773"]
[BlackElo "2485"]
[TimeControl "180+2"]
[EndTime "9:36:36 PST"]
[Termination "heyiampotato won by checkmate"]

1. b3 Nf6 2. Bb2 g6 3. Nf3 Bg7 4. g3 O-O 5. Bg2 d6 6. d4 b5 7. Ne5 dxe5 8. Bxa8 c6 9. a4 b4 10. Nd2 exd4 11. Nf3 Qc7 12. Bxd4 Nbd7 13. Qd2 Ba6 14. Qxb4 c5 15. Qc3 Rxa8 16. Be5 Nxe5 17. Qxe5 Qa5+ 18.
b4 Qxb4+ 19. c3 Qc4 20. Nd2 Qg4 21. h3 Qd7 22. Qxc5 Rc8 23. Qa5 Qe6 24. O-O Bb7 25.
Nf3 Qxh3 26. Qxa7 Bd5 27. Rfd1 e6 28. c4 Be4 29. Ng5 Qg2# 0-1

[Event "*** Titled Tuesday Blitz AM"]
[Site "Chess.com"]
[Date "2020.01.07"]
[Round "3"]
[White "econpower"]
[Black "Region_07"]
[Result "1-0"]
[WhiteElo "2635"]
[BlackElo "2371"]
[TimeControl "180+2"]
[EndTime "9:36:40 PST"]
[Termination "econpower won on time"]

1. c4 f5 2. g3 Nf6 3. Bg2 g6 4. Nc3 Bg7 5. e3 O-O 6. Nge2 d6 7. O-O c6 8. d3 e5 9. Rb1 a5 10. a3 Be6 11. b4 axb4 12. axb4 Qc7 13. Qc2 Nbd7 14.
Rd1 Kh8 15. h3 Rac8 16. f4 d5 17. c5 Bg8 18. fxe5 Nxe5 19. Nd4 Rce8 20. Nce2 Bf7 21. b5 Ned7 22. Bd2 Re7 23. bxc6 bxc6 24. Qa4 Ne5 25.
Be1 Be8 26. Rb6 Bd7 27. Qb3 g5 28. Rb7 Qc8 29. Kh2 h5 30. Nxf5 Bxf5 31. Rxe7 Ng6 32. Ra7 h4 33. Qb7 Qxb7 34. Rxb7 hxg3+ 35. Bxg3 g4 36. Nd4 Bc8 37. Rb8 Nh5 38. Bd6 Rg8 39. Nxc6 gxh3 40. Bxh3 Bxh3 41. Rxg8+ Kxg8 42. Kxh3 Nf6 43.
Ne7+ Nxe7 44. Bxe7 1-0